 Dungeon Crawl Stone Soup version 0.27-a0-1071-ga85bd9520d (webtiles) character file.

Game seed: 10957185741082314808

15 leviel the Skirmisher (level 2, -3/25 HPs)
             Began as a Djinni Berserker on Apr 24, 2021.
             Was a Follower of Trog.
             Slain by Natasha (7 damage)
             ... on level 2 of the Dungeon.
             The game lasted 00:00:29 (951 turns).

leviel the Skirmisher (Djinni Berserker)             Turns: 951, Time: 00:00:30

Health: -3/25      AC:  2    Str: 16    XL:     2   Next: 50%
Gold:   39         EV: 12    Int:  8    God:    Trog [*.....] SH:  0 Dex: 12

rFire    + + .     SeeInvis .   a - +0 hand axe
rCold    x . .     Faith    .   (no shield)
rNeg     . . .     Spirit   .   b - +0 animal skin
rPois    ∞         Reflect  .   (no helmet)
rElec    .         Harm     .   (no cloak)
rCorr    .         Rampage  .   (no gloves)
Will     .....                  (boots unavailable)
Stlth    +.........             (no amulet)
HPRegen  0.08/turn              (no ring)
MPRegen  0.00/turn              (no ring)

@: flying
A: fire resistance 2, cold vulnerability 1, float, innate caster, hp casting,
extra vitality 1
a: Renounce Religion, Berserk


You were on level 2 of the Dungeon.
You worshipped Trog.
Trog was aware of your devotion.
You visited 1 branch of the dungeon, and saw 2 of its levels.

You collected 39 gold pieces.

Inventory:

Hand Weapons
 a - a +0 hand axe (weapon)
Armour
 b - a +0 animal skin (worn)
Scrolls
 c - a scroll of amnesia {unknown}
Potions
 d - a potion of heal wounds {unknown}


   Skills:
 + Level 3.4 Fighting
 + Level 2.6 Axes
 + Level 2.0 Armour
 + Level 2.3 Dodging


You had one spell level left.
You didn't know any spells.
Your spell library was empty.

Dungeon Overview and Level Annotations

Branches:
Dungeon (2/15)

Altars:

Annotations:
D:2 Natasha


Innate Abilities, Weirdness & Mutations

You are immune to poison.
Your flesh is very heat resistant. (rF++)
You are vulnerable to cold. (rC-)
You float through the air rather than walking.
You learn spells naturally, not from books.
Your magical power is your life essence.
You have superior vitality. (+4 HP)


Message History

No target in view!
(D) Dungeon
Where to? (? - help)
What level of the Dungeon? (default 1, ? - help)
There is a stone staircase leading down here.
You fly downwards.
There is a stone staircase leading up here.
Natasha, Servant of Life and Death comes into view.
Natasha hisses angrily.
Natasha is nearby!
Natasha claws you.
You closely miss Natasha. Natasha claws you.
You slash Natasha!
Natasha is heavily wounded.
Natasha completely misses you.
Natasha wildly gestures.
Natasha's front paws start to glow.
Natasha casts a spell at you. You resist with significant effort.
You hit Natasha but do no damage.
Natasha is heavily wounded.
Natasha claws you!
You closely miss Natasha.
Natasha is heavily wounded.
Natasha closely misses you.
You barely miss Natasha.
Natasha is heavily wounded.
Natasha misses you.
You barely miss Natasha.
Natasha is heavily wounded.
Natasha barely misses you.
You completely miss Natasha.
Natasha is heavily wounded.
Natasha claws you!
* * * LOW HITPOINT WARNING * * *
Natasha barely misses you.
You barely miss Natasha.
Natasha is heavily wounded.
Natasha claws you!
You die...

###########
#.....h@..#
##.######.#
#..#.#
#....#
##..<#
#####


You could see Natasha.

Vanquished Creatures
  A dart slug (D:1)
  2 bats (D:1)
  An endoplasm (D:1)
  2 giant cockroaches (D:1)
  3 goblins (D:1)
  A hobgoblin (D:1)
  A rat (D:1)
11 creatures vanquished.

Notes
Turn   | Place    | Note
-------+----------+-------------------------------------------
     0 | D:1      | leviel the Djinni Berserker began the quest for the Orb.
     0 | D:1      | Reached XP level 1. HP: 20/20 MP: 0/0
   429 | D:1      | Reached XP level 2. HP: 25/25 MP: 0/0
   631 | D:1      | Found a faded altar of an unknown god.
   941 | D:2      | Noticed Natasha
   951 | D:2      | Slain by Natasha

Illustrated notes

Levels and vault maps discovered:
D:1:      minmay_arrival_radiant_lines, layout_loops_ring,
          hellmonk_ecumenical_altar_blasted
D:2:      layout_basic, wander_ebering_terrifying_dragon_lair, uniq_sigmund,
          uniq_natasha

Action                   || total
-------------------------++-------
Melee: Hand axe          ||    45
Armor: Animal skin       ||     7
Dodge: Dodged            ||    44

Table legend: (Time is in decaauts)
 A = Elapsed time spent in this place.
 B = Non-inter-level travel time spent in this place.
 C = Inter-level travel time spent in this place.
 D = Time resting spent in this place.
 E = Time spent auto-exploring this place.
 F = Levels seen in this place.
 G = Mean time per level.
                   A        B        C        D        E       F      G
               +--------+--------+--------+--------+--------+-----+--------+
         Total |    958 |    935 |     23 |      0 |    839 |   2 |  479.0 |
       Dungeon |    958 |    935 |     23 |      0 |    839 |   2 |  479.0 |
               +--------+--------+--------+--------+--------+-----+--------+

Top non-repeatable levels by time:
     D:1: 944 daAuts
     D:2: 14 daAuts
